[ AOE2 MATCH · #493946754 ]
UnrankedWu vs Gurjaras
Player's team · WIN
Rival team · LOSS
[ REPLAY ANALYSIS · EXTRACTED FROM THE RECORDED GAME ]
Feudal
9:04
Castle
26:32
Imperial
40:36
| APM avg | 68.1 |
| APM peak | 109 |
| eAPM avg | 32.1 |
| Villagers / military | 106 / 56 |
Focus
⚔️ 39.6% · 🌾 60.4%
Cavalry Archer ×22 · Scout Cavalry ×17 · Unknown (1944) ×12 · Unknown (1942) ×7 · Skirmisher ×6 · Militia ×4
Feudal
9:05
Castle
13:35
Imperial
—
| APM avg | 73.7 |
| APM peak | 136 |
| eAPM avg | 34.1 |
| Villagers / military | 143 / 46 |
Focus
⚔️ 24.5% · 🌾 75.5%
Archer ×16 · Monk ×15 · Shrivamsha Rider ×8 · Armored Elephant ×4 · Scorpion ×3
Match map
Initial resources + every placement click. Lines = walls · curves = elevation contours. ◆ gold · ⬟ stone · ● berries · ✦ relic · ◌ wall gap
Your base· Open — unwalled flank
Perro_Muchachev's base· Open — 13t gap
Smoothed initial terrain · ◌ = detected wall gap · hover for details
Inputs per minute
— 奉天讨贼 Latin America lagge - - Perro_Muchachev
Build order — 奉天讨贼 Latin America lagge
First 150 of 345 actions detected
| 0:02 | Build | House |
| 0:03 | Build | House |
| 0:03 | Create | Villager (Male) |
| 0:04 | Create | Villager (Male) |
| 0:04 | Create | Villager (Male) |
| 0:04 | Create | Villager (Male) |
| 1:40 | Create | Villager (Male) |
| 1:47 | Create | Villager (Male) |
| 1:47 | Create | Villager (Male) |
| 2:00 | Create | Villager (Male) |
| 2:00 | Create | Villager (Male) |
| 2:24 | Build | Lumber Camp |
| 2:50 | Create | Villager (Male) |
| 2:50 | Create | Villager (Male) |
| 3:19 | Create | Villager (Male) |
| 3:49 | Create | Villager (Male) |
| 3:58 | Create | Villager (Male) |
| 3:58 | Create | Villager (Male) |
| 4:19 | Build | House |
| 4:30 | Create | Villager (Male) |
| 4:30 | Create | Villager (Male) |
| 4:42 | Build | House |
| 5:03 | Create | Villager (Male) |
| 5:25 | Create | Villager (Male) |
| 5:25 | Create | Villager (Male) |
| 5:25 | Create | Villager (Male) |
| 5:26 | Create | Villager (Male) |
| 6:10 | Build | Barracks |
| 6:17 | Build | House |
| 6:54 | Research | Feudal Age |
| 7:11 | Create | Militia |
| 7:32 | Create | Militia |
| 7:47 | Create | Militia |
| 8:07 | Build | Mill |
| 8:21 | Create | Militia |
| 9:04 | Create | Villager (Male) |
| 9:04 | Age | Feudal Age |
| 9:11 | Research | Man-at-Arms (upgrade) |
| 9:31 | Create | Villager (Male) |
| 9:41 | Research | Loom |
| 10:07 | Build | Stable |
| 10:23 | Create | Villager (Male) |
| 10:28 | Research | Horse Collar |
| 10:44 | Build | Farm |
| 10:45 | Create | Villager (Male) |
| 10:45 | Create | Villager (Male) |
| 10:57 | Build | Farm |
| 10:59 | Create | Scout Cavalry |
| 10:59 | Create | Scout Cavalry |
| 10:59 | Create | Villager (Male) |
| 11:26 | Build | Farm |
| 11:34 | Build | House |
| 11:48 | Create | Scout Cavalry |
| 12:07 | Create | Villager (Male) |
| 12:23 | Create | Scout Cavalry |
| 12:23 | Create | Villager (Male) |
| 12:27 | Create | Villager (Male) |
| 12:40 | Create | Villager (Male) |
| 12:40 | Create | Villager (Male) |
| 12:45 | Build | Farm |
| 12:57 | Build | Farm |
| 13:14 | Create | Scout Cavalry |
| 13:20 | Build | House |
| 13:33 | Build | Watch Tower |
| 13:46 | Create | Villager (Male) |
| 14:04 | Build | Farm |
| 14:05 | Build | Farm |
| 14:34 | Create | Scout Cavalry |
| 14:41 | Create | Scout Cavalry |
| 14:56 | Create | Scout Cavalry |
| 15:14 | Create | Villager (Male) |
| 15:15 | Build | Mining Camp |
| 15:22 | Build | Mining Camp |
| 15:33 | Create | Spearman |
| 15:43 | Create | Villager (Male) |
| 15:43 | Create | Villager (Male) |
| 15:50 | Build | House |
| 15:57 | Build | House |
| 16:09 | Create | Villager (Male) |
| 16:24 | Build | Farm |
| 16:26 | Build | Farm |
| 16:33 | Build | Farm |
| 17:16 | Research | Bloodlines |
| 17:19 | Build | Farm |
| 17:21 | Build | Farm |
| 17:22 | Build | Farm |
| 17:26 | Create | Villager (Male) |
| 17:31 | Build | Farm |
| 17:40 | Create | Villager (Male) |
| 17:49 | Create | Villager (Male) |
| 18:09 | Build | Watch Tower |
| 18:17 | Build | House |
| 18:20 | Build | Palisade Wall |
| 18:24 | Build | Palisade Wall |
| 18:27 | Build | Palisade Wall |
| 18:29 | Build | Palisade Wall |
| 18:32 | Build | Palisade Wall |
| 18:37 | Create | Villager (Male) |
| 18:58 | Create | Villager (Male) |
| 18:58 | Create | Villager (Male) |
| 18:59 | Create | Villager (Male) |
| 18:59 | Create | Villager (Male) |
| 19:35 | Build | Watch Tower |
| 19:39 | Build | House |
| 19:40 | Build | Palisade Wall |
| 19:52 | Create | Villager (Male) |
| 20:01 | Build | Farm |
| 20:48 | Build | Farm |
| 20:50 | Create | Scout Cavalry |
| 21:12 | Create | Spearman |
| 21:15 | Create | Spearman |
| 21:18 | Create | Scout Cavalry |
| 21:22 | Build | Lumber Camp |
| 21:39 | Create | Spearman |
| 21:54 | Build | Stable |
| 22:10 | Create | Villager (Male) |
| 22:20 | Build | Palisade Wall |
| 22:27 | Build | Watch Tower |
| 22:34 | Create | Scout Cavalry |
| 22:45 | Build | Blacksmith |
| 22:50 | Create | Villager (Male) |
| 23:07 | Research | Double-Bit Axe |
| 23:44 | Build | Palisade Wall |
| 23:52 | Research | Castle Age |
| 23:54 | Research | Fletching |
| 24:12 | Research | Gold Mining |
| 24:43 | Build | Archery Range |
| 24:45 | Build | Archery Range |
| 25:46 | Create | Villager (Male) |
| 26:32 | Age | Castle Age |
| 26:34 | Research | Bodkin Arrow |
| 26:35 | Create | Cavalry Archer |
| 26:35 | Create | Cavalry Archer |
| 26:37 | Create | Unit 1944 |
| 26:37 | Create | Unit 1944 |
| 26:38 | Create | Villager (Male) |
| 26:40 | Create | Villager (Male) |
| 27:10 | Build | Monastery |
| 27:14 | Build | Palisade Wall |
| 27:19 | Create | Unit 1944 |
| 27:19 | Create | Unit 1944 |
| 27:23 | Create | Unit 1944 |
| 27:23 | Create | Unit 1944 |
| 27:29 | Create | Villager (Male) |
| 27:45 | Create | Cavalry Archer |
| 27:46 | Create | Cavalry Archer |
| 27:46 | Create | Villager (Male) |
| 27:58 | Build | Farm |
| 27:58 | Build | Farm |
| 27:59 | Build | Farm |
Build order — Perro_Muchachev
First 150 of 321 actions detected
| 0:00 | Create | Villager (Male) |
| 0:00 | Create | Villager (Male) |
| 0:01 | Create | Villager (Male) |
| 0:02 | Build | House |
| 0:04 | Build | House |
| 0:11 | Create | Villager (Male) |
| 0:11 | Create | Villager (Male) |
| 0:33 | Build | Mill |
| 1:55 | Create | Villager (Male) |
| 1:55 | Create | Villager (Male) |
| 1:56 | Create | Villager (Male) |
| 2:23 | Create | Villager (Male) |
| 2:23 | Create | Villager (Male) |
| 2:40 | Create | Villager (Male) |
| 3:03 | Create | Villager (Male) |
| 3:03 | Create | Villager (Male) |
| 3:31 | Build | House |
| 3:42 | Create | Villager (Male) |
| 3:42 | Create | Villager (Male) |
| 4:11 | Create | Villager (Male) |
| 4:11 | Create | Villager (Male) |
| 4:14 | Build | Lumber Camp |
| 4:26 | Create | Villager (Male) |
| 4:39 | Create | Villager (Male) |
| 5:16 | Create | Villager (Male) |
| 6:05 | Create | Villager (Male) |
| 6:25 | Research | Loom |
| 6:54 | Research | Feudal Age |
| 6:54 | Research | Feudal Age |
| 7:09 | Build | Barracks |
| 7:11 | Build | Palisade Wall |
| 8:20 | Build | House |
| 8:34 | Build | House |
| 8:54 | Create | Villager (Male) |
| 9:05 | Age | Feudal Age |
| 9:06 | Create | Villager (Male) |
| 9:10 | Build | Stable |
| 9:39 | Create | Villager (Male) |
| 9:58 | Build | Market |
| 10:21 | Create | Villager (Male) |
| 10:46 | Build | House |
| 10:55 | Research | Castle Age |
| 11:10 | Build | House |
| 11:25 | Build | House |
| 11:47 | Research | Double-Bit Axe |
| 11:47 | Research | Double-Bit Axe |
| 12:15 | Build | House |
| 12:23 | Create | Villager (Male) |
| 12:42 | Research | Horse Collar |
| 12:45 | Build | House |
| 13:35 | Age | Castle Age |
| 13:37 | Create | Shrivamsha Rider |
| 13:37 | Create | Shrivamsha Rider |
| 13:45 | Build | Monastery |
| 13:46 | Create | Villager (Male) |
| 13:58 | Create | Villager (Male) |
| 14:06 | Create | Shrivamsha Rider |
| 14:06 | Create | Shrivamsha Rider |
| 14:13 | Build | House |
| 14:15 | Build | House |
| 14:18 | Build | Palisade Wall |
| 14:56 | Build | Lumber Camp |
| 15:00 | Create | Villager (Male) |
| 15:02 | Build | House |
| 15:04 | Build | House |
| 15:26 | Create | Villager (Male) |
| 15:33 | Create | Monk |
| 15:49 | Create | Shrivamsha Rider |
| 15:49 | Create | Shrivamsha Rider |
| 16:07 | Create | Villager (Male) |
| 16:46 | Create | Shrivamsha Rider |
| 16:58 | Build | Farm |
| 16:58 | Build | Farm |
| 17:00 | Build | Farm |
| 17:01 | Build | Farm |
| 17:14 | Create | Villager (Male) |
| 17:18 | Build | Farm |
| 17:19 | Build | Farm |
| 17:21 | Build | Farm |
| 17:22 | Build | Farm |
| 17:26 | Build | Farm |
| 17:51 | Build | Farm |
| 18:36 | Create | Villager (Male) |
| 18:39 | Create | Villager (Male) |
| 19:09 | Create | Villager (Male) |
| 19:27 | Build | Town Center |
| 21:00 | Create | Villager (Male) |
| 21:00 | Create | Villager (Male) |
| 21:10 | Create | Villager (Male) |
| 21:34 | Create | Villager (Male) |
| 21:44 | Create | Villager (Male) |
| 21:44 | Create | Villager (Male) |
| 21:58 | Create | Villager (Male) |
| 21:58 | Create | Villager (Male) |
| 22:07 | Build | House |
| 22:26 | Create | Villager (Male) |
| 22:47 | Create | Monk |
| 22:51 | Build | Farm |
| 23:08 | Create | Villager (Male) |
| 23:10 | Create | Villager (Male) |
| 23:10 | Create | Villager (Male) |
| 23:21 | Create | Villager (Male) |
| 23:22 | Create | Villager (Male) |
| 23:31 | Build | Palisade Wall |
| 23:38 | Build | Farm |
| 23:39 | Build | Farm |
| 23:39 | Create | Villager (Male) |
| 23:44 | Create | Villager (Male) |
| 23:59 | Build | Blacksmith |
| 24:02 | Create | Villager (Male) |
| 24:13 | Create | Villager (Male) |
| 24:13 | Create | Villager (Male) |
| 24:31 | Create | Shrivamsha Rider |
| 24:46 | Build | Farm |
| 24:51 | Create | Villager (Male) |
| 25:00 | Build | Siege Workshop |
| 25:02 | Create | Villager (Male) |
| 25:09 | Create | Villager (Male) |
| 25:21 | Build | Farm |
| 25:22 | Build | Farm |
| 25:40 | Create | Scorpion |
| 25:40 | Create | Scorpion |
| 25:43 | Build | House |
| 25:43 | Create | Villager (Male) |
| 25:44 | Create | Villager (Male) |
| 25:44 | Create | Villager (Male) |
| 25:44 | Create | Villager (Male) |
| 26:03 | Create | Villager (Male) |
| 26:11 | Create | Villager (Male) |
| 26:16 | Create | Scorpion |
| 26:29 | Build | Monastery |
| 26:31 | Create | Villager (Male) |
| 26:36 | Create | Villager (Male) |
| 26:39 | Build | Castle |
| 26:56 | Create | Villager (Male) |
| 27:35 | Create | Monk |
| 27:35 | Create | Monk |
| 27:55 | Build | Farm |
| 27:56 | Build | Farm |
| 28:09 | Create | Villager (Male) |
| 28:09 | Create | Villager (Male) |
| 28:13 | Build | Town Center |
| 28:27 | Create | Villager (Male) |
| 28:27 | Create | Villager (Male) |
| 28:35 | Build | Monastery |
| 28:44 | Create | Monk |
| 28:44 | Create | Monk |
| 28:54 | Create | Villager (Male) |
| 29:01 | Create | Villager (Male) |
| 29:10 | Create | Villager (Male) |
Match timeline
| 6:10 | 奉天讨贼 Latin America lagge · first_building Barracks |
| 7:09 | Perro_Muchachev · first_building Barracks |
| 7:11 | Perro_Muchachev · wall_segment Palisade Wall x1 |
| 9:04 | 奉天讨贼 Latin America lagge · age_up feudal |
| 9:05 | Perro_Muchachev · age_up feudal |
| 9:10 | Perro_Muchachev · first_building Stable |
| 10:07 | 奉天讨贼 Latin America lagge · first_building Stable |
| 10:54 | Perro_Muchachev · first_market_sell 100 stone |
| 13:35 | Perro_Muchachev · age_up castle |
| 13:45 | Perro_Muchachev · first_building Monastery |
| 14:18 | Perro_Muchachev · wall_segment Palisade Wall x1 |
| 18:20 | 奉天讨贼 Latin America lagge · wall_segment Palisade Wall x1 |
| 18:24 | 奉天讨贼 Latin America lagge · wall_segment Palisade Wall x1 |
| 18:27 | 奉天讨贼 Latin America lagge · wall_segment Palisade Wall x1 |
| 18:29 | 奉天讨贼 Latin America lagge · wall_segment Palisade Wall x1 |
| 18:32 | 奉天讨贼 Latin America lagge · wall_segment Palisade Wall x1 |
| 19:19 | Perro_Muchachev · first_market_buy 100 stone |
| 19:40 | 奉天讨贼 Latin America lagge · wall_segment Palisade Wall x4 |
| 22:20 | 奉天讨贼 Latin America lagge · wall_segment Palisade Wall x1 |
| 23:31 | Perro_Muchachev · wall_segment Palisade Wall x1 |
| 23:44 | 奉天讨贼 Latin America lagge · wall_segment Palisade Wall x1 |
| 24:43 | 奉天讨贼 Latin America lagge · first_building Archery Range |
| 25:00 | Perro_Muchachev · first_building Siege Workshop |
| 26:32 | 奉天讨贼 Latin America lagge · age_up castle |
| 26:39 | Perro_Muchachev · first_building Castle |
| 27:10 | 奉天讨贼 Latin America lagge · first_building Monastery |
| 27:14 | 奉天讨贼 Latin America lagge · wall_segment Palisade Wall x1 |
| 36:06 | 奉天讨贼 Latin America lagge · first_building Castle |
| 37:25 | 奉天讨贼 Latin America lagge · first_market_buy 500 food |
| 40:36 | 奉天讨贼 Latin America lagge · age_up imperial |
| 40:48 | 奉天讨贼 Latin America lagge · first_building Siege Workshop |
| 40:56 | Perro_Muchachev · first_building Archery Range |
| 44:43 | Perro_Muchachev · resign |
[ AI ANALYSIS · 1 CREDIT ]
What really happened in this match?
Wolo.gg analyzes every decision: build order, eco, micro, common mistakes by bracket. Personalized analysis on WhatsApp or Discord in 30 seconds.
Civ guide
Wu
Perfil
Jugador #323219